 Dungeon Crawl Stone Soup version 0.28.0-47-ge53b351184 (webtiles) character file.

Game seed: 9845575969665293466

2751 Iusername the Blocker (level 9, -5/82 HPs)
             Began as a Minotaur Fighter on May 5, 2022.
             Was an Initiate of the Shining One.
             Slain by Maggie
             ... wielding a +0 long sword
              (12 damage)
             ... on level 8 of the Dungeon.
             The game lasted 00:11:19 (8577 turns).

Iusername the Blocker (Minotaur Fighter)            Turns: 8577, Time: 00:11:20

Health: -5/82      AC: 17    Str: 20    XL:     9   Next: 41%
Magic:  8/8        EV:  7    Int:  2    God:    the Shining One [......]
Gold:   413        SH:  7    Dex: 19    Spells: 8/8 levels left

rFire   . . .      SeeInvis +   s - +7 whip of Demand {venom, Fly Str-4 Int-5 Dex+10}
rCold   . . .      Faith    .   c - +0 buckler
rNeg    . . .      Spirit   .   y - +0 chain mail
rPois   .          Reflect  .   i - +0 hat
rElec   .          Harm     .   h - +1 cloak
rCorr   .          Rampage  .   (no gloves)
Will    .....                   (no boots)
Stlth   ..........              (no amulet)
HPRegen 0.23/turn               u - ring of see invisible
MPRegen 0.11/turn               w - +4 ring of protection

@: flying, glowing
A: horns 2, retaliatory headbutt
a: Renounce Religion


You were on level 8 of the Dungeon.
You worshipped the Shining One.
The Shining One was noncommittal.
You visited 2 branches of the dungeon, and saw 9 of its levels.

You collected 413 gold pieces.

Inventory:

Hand Weapons
 s - the +7 whip of Demand (weapon) {venom, Fly Str-4 Int-5 Dex+10}
   (You found it on level 4 of the Dungeon)

   It poisons the flesh of those it strikes.
   Str:       It affects your strength (-4).
   Int:       It affects your intelligence (-5).
   Dex:       It affects your dexterity (+10).
   Fly:       It grants you flight.
 B - a +2 scimitar of protection
Missiles
 f - 2 throwing nets (quivered)
Armour
 b - a +0 scale mail
 c - a +0 buckler (worn)
 h - a +1 cloak (worn)
 i - a +0 hat (worn)
 y - a +0 chain mail (worn)
Jewellery
 a - a ring of fire
 u - a ring of see invisible (left hand)
 w - a +4 ring of protection (right hand)
 D - a ring of positive energy
Wands
 p - a wand of digging (6)
Scrolls
 e - 4 scrolls of teleportation {unknown}
 j - 3 scrolls of blinking
 k - 2 scrolls of identify
 l - a scroll of fear {unknown}
 m - a scroll of vulnerability {unknown}
 x - 4 scrolls of silence {unknown}
 A - 2 scrolls of enchant armour {unknown}
 C - a scroll of summoning {unknown}
Potions
 d - a potion of might
 g - 3 potions of ambrosia {unknown}
 o - 3 potions of lignification {unknown}
 q - 2 potions of brilliance {unknown}
 r - a potion of degeneration {unknown}
 t - 2 potions of attraction {unknown}
 v - 2 potions of heal wounds {unknown}
 z - a potion of flight {unknown}


   Skills:
 + Level 8.5 Fighting
 + Level 8.1 Long Blades
 + Level 8.6 Armour
 + Level 8.6 Shields


You had 8 spell levels left.
You didn't know any spells.
Your spell library contained the following spells:

 Spells                   Type           Power      Damage    Failure   Level
 Sandblast                Erth           0%         2d4       99%         1
 Blink                    Tloc           0%         N/A       100%        2
 Ensorcelled Hibernation  Hex/Ice        0%         N/A       100%        2
 Passwall                 Tmut/Erth      0%         N/A       100%        2
 Scorch                   Fire           0%         2d5       100%        2
 Inner Flame              Hex/Fire       0%         N/A       100%        3
 Lesser Beckoning         Tloc           0%         N/A       100%        3
 Ozocubu's Armour         Ice            0%         N/A       100%        3
 Spider Form              Tmut/Pois      0%         N/A       100%        3
 Stone Arrow              Conj/Erth      0%         3d7       100%        3
 Anguish                  Hex/Necr       0%         N/A       100%        4
 Cause Fear               Hex            0%         N/A       100%        4
 Flame Wave               Conj/Fire      0%         2d4       100%        4
 Manifold Assault         Tloc           0%         N/A       100%        5
 Summon Cactus Giant      Summ           0%         N/A       100%        6
 Ozocubu's Refrigeration  Ice            0%         4d5       100%        7
 Discord                  Hex            0%         N/A       100%        8


Dungeon Overview and Level Annotations

Branches:
Dungeon (8/15)             Temple (1/1) D:7
   Lair: D:8-11

Altars:
Ashenzari
Cheibriados
Dithmenos
Elyvilon
Gozag
Hepliaklqana
Kikubaaqudgha
Okawaru
Qazlal
Ru
Trog
Uskayaw
Vehumet
Zin
The Shining One
Beogh

Shops:
D:1 [?*   D:4 :   D:5 (==   D:6 ?

Annotations:
D:3 2 transporters, Icepheonix32's ghost, amateur DsIE
D:8 Maggie


Innate Abilities, Weirdness & Mutations

You have a pair of horns on your head.
You reflexively headbutt those who attack you in melee.


Message History

You break out of your daze.
Maggie hits you but does no damage.
You hit Maggie. You headbutt Maggie, but do no damage.
Maggie is lightly wounded.
You block Maggie's attack.
You whack Maggie!
Maggie is poisoned.
Maggie is moderately wounded.
Maggie splashes around in the water.
You hit Maggie. You headbutt Maggie.
Maggie is heavily wounded.
Maggie hits you but does no damage.
You hit Maggie but do no damage.
Maggie is heavily wounded.
Maggie hits you but does no damage.
You hit Maggie but do no damage.
Maggie is heavily wounded.
Maggie hits you with a +0 long sword!
You closely miss Maggie.
Maggie is heavily wounded.
Maggie hits you with a +0 long sword.
* * * LOW HITPOINT WARNING * * *
Maggie splashes around in the water.
You whack Maggie! You headbutt Maggie, but do no damage.
Maggie is severely wounded.
Maggie splashes around in the water.
You hit Maggie.
Maggie is almost dead.
You block Maggie's attack.
You barely miss Maggie.
Maggie is almost dead.
Maggie casts a spell at you. The bolt of fire hits you!!
* * * LOW HITPOINT WARNING * * *
You feel better.
Maggie gestures wildly while chanting.
Maggie attempts to bespell you!
You easily resist.
You hit Maggie. Your headbutt misses Maggie.
Maggie is almost dead.
Maggie hits you with a +0 long sword!
You die...

........# .# ##......#
.# #......# .#
##......#########.#
.................>#+####
##..#########...........
#..# #........... ....#
#........... ##...
#...@....... ##..
#...@≈...... #+
#..)≈≈≈.....
#....≈≈.....
#...≈≈≈.....
....≈≈≈.#### ....≈≈≈≈.#
....≈≈≈≈..# ......≈....#


You could see Maggie (poisoned).

Vanquished Creatures
  A centaur warrior (D:8)
  2 water moccasins
  An orc warrior (D:7)
  2 ice beasts
  A sky beast (D:8)
  A black bear (D:6)
  An ogre (D:5)
  5 phantoms
  A bullfrog (D:8)
  A gnoll sergeant (D:8)
  A wyvern zombie (D:6)
  3 scorpions
  A howler monkey (D:7)
  An electric eel (D:8)
  A crimson imp (D:5)
  A jelly (D:5)
  4 orc priests
  A bullfrog skeleton (D:5)
  A centaur skeleton (D:6)
  Ijyb (D:3)
  An orc wizard (D:7)
  A hound skeleton (D:4)
  A howler monkey zombie (D:5)
  9 adders
  6 gnolls
  A howler monkey skeleton (D:7)
  A shadow imp (D:6)
  2 white imps
  An ufetubus (D:6)
  3 worms
  A dart slug (D:5)
  16 orcs
  4 endoplasms
  4 giant cockroaches
  5 goblins
  4 hobgoblins
  8 jackals
  2 quokkas
  7 ball pythons
  4 bats
  5 frilled lizards
  4 kobolds (D:1)
  8 rats
129 creatures vanquished.

Notes
Turn   | Place    | Note
-------+----------+-------------------------------------------
     0 | D:1      | Iusername the Minotaur Fighter began the quest for the Orb.
     0 | D:1      | Reached XP level 1. HP: 19/19 MP: 0/0
   114 | D:1      | Found Piemaz's Magic Scroll Shop.
   201 | D:1      | Found Camegraa's Antique Armour Boutique.
   358 | D:1      | Reached XP level 2. HP: 21/27 MP: 1/1
   484 | D:1      | Found a faded altar of an unknown god.
   666 | D:1      | Reached XP level 3. HP: 31/33 MP: 2/2
   820 | D:1      | Found Xyaceane's General Store.
  1098 | D:2      | Found a glowing silver altar of Zin.
  1806 | D:3      | Reached XP level 4. HP: 37/41 MP: 3/3
  1907 | D:3      | Found a transporter.
  1907 | D:3      | Noticed Icepheonix32's ghost (amateur DsIE)
  1910 | D:3      | Reached XP level 5. HP: 43/47 MP: 4/4
  2131 | D:3      | Found a transporter.
  2292 | D:3      | Noticed Ijyb
  2302 | D:3      | Killed Ijyb
  2303 | D:3      | Reached skill level 5 in Armour
  2344 | D:3      | Noticed a phantom
  2363 | D:3      | Killed a phantom
  2364 | D:3      | Reached skill level 5 in Fighting
  2364 | D:3      | Reached skill level 5 in Shields
  2364 | D:3      | Reached XP level 6. HP: 32/56 MP: 5/5
  3134 | D:4      | Found a sand-covered staircase.
  3181 | D:4      | Identified the +7 whip of Demand {venom, Fly Str-4 Int-5
                  | Dex+10}
  3280 | D:4      | Found Edev Miolani's Book Boutique.
  3868 | D:5      | Entered Level 5 of the Dungeon
  4555 | D:5      | Reached skill level 5 in Long Blades
  4555 | D:5      | Reached XP level 7. HP: 62/62 MP: 6/6
  4699 | D:5      | Found Atuz's Jewellery Shoppe.
  4752 | D:5      | Found an iron altar of Okawaru.
  4790 | D:5      | Found Mockusas's Jewellery Shoppe.
  5303 | D:5      | Found an ancient bone altar of Kikubaaqudgha.
  5315 | D:5      | Found a broken altar of Ashenzari.
  5403 | D:5      | Found Miepnezi's Weapon Emporium.
  6286 | D:6      | Reached XP level 8. HP: 41/71 MP: 7/7
  6428 | D:6      | Found Vugarojo's Magic Scroll Emporium.
  7184 | D:7      | Lost intelligence.
  7634 | D:7      | Found a staircase to the Ecumenical Temple.
  7794 | D:7      | Found a sacrificial altar of Ru.
  8031 | Temple   | Entered the Ecumenical Temple
  8199 | Temple   | Became a worshipper of the Shining One
  8374 | D:8      | Identified the +1 robe "Ceqei" {rCorr Dex+4}
  8407 | D:8      | Reached XP level 9. HP: 76/81 MP: 8/8
  8547 | D:8      | Noticed a centaur warrior
  8548 | D:8      | Noticed Maggie
  8561 | D:8      | Killed a centaur warrior
  8575 | D:8      | HP: 1/82 [Maggie/bolt of fire (23)]
  8577 | D:8      | Slain by Maggie

Illustrated notes

Levels and vault maps discovered:
D:1:      minmay_arrival_stone_box, layout_basic,
          dreamdust_ecumenical_altar_hidden_monk_grotto, serial_shops,
          nicolae_shop_window_shopping, nicolae_shop_window_shopping,
          nicolae_lakefront_shop
D:2:      layout_basic, basic_altar
D:3:      layout_basic, gammafunk_ghost_mausoleum, nrook_mini_vaults,
          kennysheep_orc_chapel, uniq_ijyb, uniq_crazy_yiuf_cottage
D:4:      layout_basic, enter_ossuary_2, serial_shops, shop
D:5:      layout_loops_corners, lemuel_crystal_altar,
          amethyst_overflow_temple_binary, serial_shops, nicolae_diamond_shop,
          nicolae_lakefront_shop, nicolae_lakefront_shop, minmay_fire_ice_demons
D:6:      layout_cave_pods, serial_shops, shop
D:7:      layout_basic, mainiacjoe_overflow_alcove_2, minmay_temple_entry_fiery
D:8:      layout_basic, mainiacjoe_overflow_tiny_flanked,
          gammafunk_temple_overflow_wave, grunt_decor_resistance, uniq_maggie
Temple:   minmay_temple_curvy_branch

Skill      XL: |  1  2  3  4  5  6  7  8  9 |
---------------+----------------------------+-----
Fighting       | 4 5 6 7 8 |  8.5
Long Blades    | 3 4 5 6 7 8 |  8.1
Armour         | 4 5 6 8 |  8.6
Shields        | 4 5 6 7 8 |  8.6

Action                   |  1- 3 |  4- 6 |  7- 9 || total
-------------------------+-------+-------+-------++-------
Melee: Long sword        |    75 |   128 |   112 ||   315
       Headbutt          |    11 |    20 |    46 ||    77
       Whip              |       |       |    92 ||    92
  Use: Scroll            |       |       |     2 ||     2
       Potion            |       |       |     4 ||     4
Armor: Scale mail        |    35 |    67 |    22 ||   124
       Chain mail        |       |       |   117 ||   117
Dodge: Dodged            |    36 |    79 |    77 ||   192
Block: Buckler           |    15 |    24 |    79 ||   118
